 Dungeon Crawl Stone Soup version 0.26-a0-227-g1af32d979d (webtiles) character file.

Game seed: 11203954297193573101

16 BritishOli the Slasher (level 2, -1/22 HPs)
             Began as a Demonspawn Gladiator on July 7, 2020.
             Slain by a sky beast (6 damage)
             ... on level 2 of the Dungeon.
             The game lasted 00:00:52 (738 turns).

BritishOli the Slasher (Demonspawn Gladiator)        Turns: 738, Time: 00:00:54

Health: -1/22      AC: 11    Str: 14    XL:     2   Next: 41%
Magic:  11/11      EV:  4    Int:  9    God:
Gold:   43         SH:  0    Dex: 14    Spells: 1/1 levels left

rFire    . . .     SeeInvis .   a - +0 long sword
rCold    . . .     Faith    .   (no shield)
rNeg     . . .     Spirit   .   g - +0 plate armour
rPois    .         Reflect  .   c - +0 helmet
rElec    .         Harm     .   (no cloak)
rCorr    .                      (no gloves)
MR       .....                  (no boots)
Stlth    ..........             (no amulet)
HPRegen  0.07/turn              e - ring of magical power
MPRegen  0.12/turn              (no ring)

@: no status effects
A: hooves 1
a: no special abilities


You were on level 2 of the Dungeon.
You were not hungry.

You visited 1 branch of the dungeon, and saw 2 of its levels.

You collected 43 gold pieces.

Inventory:

Hand Weapons
 a - a +0 long sword (weapon)
Missiles
 d - 3 throwing nets (quivered)
Armour
 b - a +0 leather armour
 c - a +0 helmet (worn)
 g - a +0 plate armour (worn)
Jewellery
 e - a ring of magical power (left hand)
 h - a cursed ring of attention {unknown}
Scrolls
 j - a scroll of enchant armour {unknown}
Potions
 i - a potion of degeneration {unknown}
 k - a potion of berserk rage {unknown}
Comestibles
 f - 4 rations


   Skills:
 + Level 2.3 Fighting
 + Level 3.0 Long Blades
 + Level 1.8 Throwing
 + Level 0.2 Armour
 + Level 2.8 Dodging


You had one spell level left.
You didn't know any spells.
Your spell library was empty.

Dungeon Overview and Level Annotations

Branches:
Dungeon (2/15)

Altars:


Innate Abilities, Weirdness & Mutations

You have large cloven feet.


Message History

There is a strange disturbance nearby!
You are too injured to fight recklessly!
There is a strange disturbance nearby!
You are too injured to fight recklessly!
You closely miss something. Your kick misses something.
Something hits you but does no damage. x2
You miss something. Your kick misses something.
Something hits you but does no damage.
Your plate armour prevents you from hitting something.
You kick something. Something hits you but does no damage.
You barely miss something. Your kick misses something.
Something hits you but does no damage.
You barely miss something.
Something hits you but does no damage. x2
You miss something. Your kick misses something.
A sky beast appears from thin air!
Reactivating autopickup.
The sky beast hits you.
* * * LOW HITPOINT WARNING * * *
The sky beast shocks you.
You die...

#.........###.##
##.# #.......##
##.###.##
##.....##
##...## ##...##
##.## ##'## #.#
#.# #.# #.# #.#
##.## ..# #@..#
..# #.Y....# ..#
#............
#..#
....#.##.####..
### #. #.# .. #.
#.# # . #.# # .#


You could see a sky beast.

Vanquished Creatures
  A leopard gecko (D:1)
  2 bats (D:1)
  2 goblins
  3 hobgoblins
  A ball python (D:1)
  A frilled lizard (D:1)
  4 kobolds
  A rat (D:1)
15 creatures vanquished.

Notes
Turn   | Place    | Note
-------+----------+-------------------------------------------
     0 | D:1      | BritishOli the Demonspawn Gladiator began the quest for the
                  | Orb.
     0 | D:1      | Reached XP level 1. HP: 16/16 MP: 1/1
   238 | D:1      | Gained mutation: You have large cloven feet. [demonic
                  | ancestry]
   238 | D:1      | Reached XP level 2. HP: 22/22 MP: 2/2
   270 | D:1      | Reached skill level 3 in Long Blades
   730 | D:2      | Noticed a sky beast
   738 | D:2      | Slain by a sky beast

Illustrated notes

Levels and vault maps discovered:
D:1:      co_arrival_square_in_a_square_in_a_square, layout_rooms
D:2:      layout_loops_corners

Skill      XL: |  1  2 |
---------------+-------+-----
Long Blades    | 3 |  3.0
Fighting       | |  2.3
Throwing       | |  1.8
Armour         | |  0.2
Dodging        | |  2.8

Action                   || total
-------------------------++-------
Melee: Long sword        ||    55
       Kick              ||     7
Armor: Leather armour    ||     3
       Plate armour      ||    47
Dodge: Dodged            ||    24
       Rpst.: Long sword ||     7

Table legend:
 A = Non-vault XP
 B = Vault XP
 C = Vault XP percentage of total XP
 D = Non-vault monster count
 E = Vault monster count
 F = Vault count percentage of total count
                 A         B        C        D         E       F
            +---------+---------+-------+---------+---------+-------
      Total |      24 |       0 |   0.0 |      15 |       0 |   0.0
            +---------+---------+-------+---------+---------+-------
        D:1 |      19 |       0 |   0.0 |      12 |       0 |   0.0
        D:2 |       5 |       0 |   0.0 |       3 |       0 |   0.0
            +---------+---------+-------+---------+---------+-------
